 Dungeon Crawl Stone Soup version 0.28.0-53-g5a82cb258f (webtiles) character file.

Game seed: 17224138386176170347

62 LynnLen the Sneak (level 3, -1/20 HPs)
             Began as a Vampire Enchanter on July 21, 2022.
             Slain by Terence
             ... wielding a +0 hand axe
              (5 damage)
             ... on level 3 of the Dungeon.
             The game lasted 00:05:22 (2447 turns).

LynnLen the Sneak (Vampire Enchanter)               Turns: 2447, Time: 00:05:23

Health: -1/20      AC:  4    Str:  7    XL:     3   Next: 85%
Magic:  6/6        EV: 12    Int: 17    God:
Gold:   112        SH:  0    Dex: 16    Spells: 6/6 levels left

rFire   . . .      SeeInvis +   a - +1 dagger
rCold   + + .      Faith    .   (no shield)
rNeg    + + +      Spirit   .   i - +1 leather armour
rPois   ∞          Reflect  .   (no helmet)
rElec   .          Harm     .   (no cloak)
rCorr   .          Rampage  .   (no gloves)
Will    .....                   (no boots)
Stlth   +++++.....              (no amulet)
HPRegen 0.00/turn               (no ring)
MPRegen 0.10/turn               (no ring)

@: bloodless, inhibited regen, invisible
A: bloodless, fangs 3, see invisible, vampiric 2
a: Bat Form, Revivify


You were on level 3 of the Dungeon.
You visited 1 branch of the dungeon, and saw 3 of its levels.

You collected 112 gold pieces.

Inventory:

Hand Weapons
 a - a +1 dagger (weapon)
Armour
 i - a +1 leather armour (worn)
Jewellery
 b - a ring of fire
Scrolls
 d - a scroll of enchant weapon {unknown}
 h - a scroll of fog


   Skills:
 * Level 1.4 Fighting
 * Level 2.2 Short Blades
 + Level 2.4 Dodging
 + Level 5.8 Stealth
 - Level 2.0 Spellcasting
 - Level 4.4 Hexes


You had 6 spell levels left.
You didn't know any spells.
Your spell library contained the following spells:

 Spells                   Type           Power      Damage    Failure   Level
 Confusing Touch          Hex            16%        N/A       14%         3
 Tukima's Dance           Hex            16%        N/A       14%         3
 Ensorcelled Hibernation  Hex/Ice        18%        N/A       19%         2
 Dazzling Flash           Conj/Hex       18%        N/A       34%         3


Dungeon Overview and Level Annotations

Branches:
Dungeon (3/15)

Altars:

Annotations:
D:3 Terence


Innate Abilities, Weirdness & Mutations

You do not regenerate when monsters are visible.
You are frail without blood (-20% HP).
You can heal yourself when you bite living creatures.
You are immune to poison.
You have razor-sharp teeth.
You have supernaturally acute eyesight. (SInv)
You are afflicted with vampirism and can become a bat while bloodless.


Message History

You bite the bat, and draw its blood! You impale the bat!!
You kill the bat!
The orc shouts!
You hear a shout!
Terence the Incautious comes into view.
He is wielding a +0 hand axe.
You hit the orc.
The orc is heavily wounded.
The orc closely misses you.
Terence drinks a potion.
Terence seems to speed up.
You closely miss the orc. Your bite misses the orc.
The orc is moderately wounded.
The orc hits you with a +0 hand axe.
You fade into invisibility!
The orc barely misses you.
You hit the orc.
The orc is almost dead.
The orc closely misses you.
You strike the helpless orc from behind!
You bite the orc, and draw its blood!
You feel better.
You puncture the orc!
You kill the orc!
Terence completely misses you.
You hit Terence but do no damage. Terence closely misses you.
You barely miss Terence.
You see here a +0 hand axe.
Terence hits you with a +0 hand axe.
You see here a +0 hand axe.
You hit Terence but do no damage. You bite Terence, but do no damage.
Terence misses you.
You hit Terence but do no damage. Terence hits you with a +0 hand axe.
Terence closely misses you.
You hit Terence but do no damage.
A goblin comes into view. It is wielding a +0 dagger.
Terence misses you.
You hit Terence but do no damage. You bite Terence, but do no damage.
You hit Terence but do no damage. Terence closely misses you.
Terence barely misses you.
You hit Terence but do no damage.
Terence shouts, "DIE!!!"
Terence hits you with a +0 hand axe.
* * * LOW HITPOINT WARNING * * *
You completely miss Terence. Terence hits you with a +0 hand axe.
You die...

### #.. #### #.#
>g# #.# #@# #.#
#@# ##.## #)#
#...###.# #.#
#.......#
##.######...#####
...###........#.##
........#####.#.#
...####.# #.#.# #
#†# #.#.#######
#.# #.#..).....


You could see Terence (fast) and a goblin (wandering).

Vanquished Creatures
  A worm (D:2)
  2 dart slugs
  An orc (D:3)
  6 ball pythons
  7 endoplasms
  5 giant cockroaches
  7 goblins
  3 hobgoblins
  A quokka (D:1)
  5 bats
  2 frilled lizards (D:1)
  A kobold (D:2)
  7 rats
  A spectral goblin (D:1)
49 creatures vanquished.

Notes
Turn   | Place    | Note
-------+----------+-------------------------------------------
     0 | D:1      | LynnLen the Vampire Enchanter began the quest for the Orb.
     0 | D:1      | Reached XP level 1. HP: 13/13 MP: 3/3
    58 | D:1      | Found a faded altar of an unknown god.
   290 | D:1      | Reached XP level 2. HP: 6/16 MP: 5/5
   544 | D:1      | Reached skill level 5 in Stealth
  1030 | D:1      | Reached skill level 1 in Fighting
  1200 | D:1      | Gained mutation: You are afflicted with vampirism and can
                  | become a bat while bloodless. [Vampire growth]
  1200 | D:1      | Reached XP level 3. HP: 16/20 MP: 6/6
  1673 | D:2      | HP: 1/20 [hobgoblin/+0 club (2)]
  2429 | D:3      | Noticed Terence
  2447 | D:3      | Slain by Terence

Illustrated notes

Levels and vault maps discovered:
D:1:      mushboom_english_gardens, layout_loops_ring,
          dreamdust_ecumenical_altar_drowned_temple
D:2:      layout_basic
D:3:      layout_loops_ring, nicolae_overflow_hidden_temple,
          kennysheep_generic_room_3, uniq_sigmund, uniq_terence

Skill      XL: |  1  2  3 |
---------------+----------+-----
Stealth        | 5 |  5.8
Fighting       | 1 |  1.4
Short Blades   | 2 |  2.2
Dodging        | |  2.4
Spellcasting   | |  2.0
Hexes          | |  4.4

Action                   || total
-------------------------++-------
Melee: Dagger            ||   154
       Bite              ||    22
       Punch             ||     2
 Abil: Exsanguinate      ||     1
  Use: Scroll            ||     7
       Potion            ||     1
 Stab: Sleeping          ||    26
       Invisible         ||     1
Armor: Robe              ||     9
       Leather armour    ||    18
Dodge: Dodged            ||    56
